 Dungeon Sprint DCSS version 0.30.1-4-g462c640d31 (webtiles) character file.

Game seed: 9368497823024705591

22693 Heoruswealwe the Wrestler (level 12, -23/204 HPs)
             Began as a Troll Berserker on Sept 8, 2023.
             Was the Champion of Trog.
             Annihilated by Tiamat
             ... wielding a +2 vampiric demon trident
              (33 damage)
             ... in the Dungeon (Sprint I: "Red Sonja").
             The game lasted 01:01:19 (2470 turns).

Heoruswealwe the Wrestler (Troll Berserker)         Turns: 2470, Time: 01:01:20

Health: -23/204    AC: 24    Str: 39    XL:     12   Next: 65%
Magic:  21/21      EV:  8    Int:  6    God:    Trog [******]
Gold:   673        SH:  0    Dex:  8    Spells: 11/11 levels left

rFire   . .          .
                       - Unarmed
rCold   + . .        (no shield)
rNeg    . . .        b - +1 shadow dragon scales
rPois   +            (helmet restricted)
rElec   .            e - +2 cloak {rPois}
rCorr   +            (gloves unavailable)
SInv    +            (boots unavailable)
Will    .....        (no amulet) Stlth
                     h - ring "Xevage" {rC+ Str+3 Int+4 SInv}
HPRegen 1.34/turn    g - ring "Icaem" {rCorr Slay+4}
MPRegen 0.17/turn

%: no teleportation
@: berserking (expiring), very quick
A: large, unfitting armour, claws 3, regeneration 1, shaggy fur 1, tough skin 1,
strong 1
a: Renounce Religion, Berserk, Trog's Hand, Brothers in Arms


You were in the Dungeon.
You worshipped Trog.
Trog was exalted by your worship.
You visited 1 branch You collected 4877 gold pieces.
You spent 4204 gold pieces at shops.

Inventory:

Hand Weapons
 a - the +5 scythe "Finisher" {speed, execute}
   (You found it in the Dungeon)
 s - the +9 bardiche of Trog's Grace {antimagic, *Rage rC+ Will++}
   (Trog gifted it to you in the Dungeon)

   rC:        It protects you from cold.
   *Rage:     It berserks you when you make melee attacks (+20% chance).
   Will:      It greatly increases your willpower.
Armour
 b - +1 shadow dragon scales (worn)
 c - a +0 tower shield
 e - a +2 cloak of poison resistance (worn)
 n - a +2 robe of positive energy
 u - the +1 robe "Borym" {rPois Str+3}
   (You found it in the Dungeon)

   Str:       It affects your strength (+3).
   rPois:     It protects you from poison.
Jewellery
 g - the ring "Icaem" (right claw) {rCorr Slay+4}
   (You found it in the Dungeon)

   [ring of slaying]

   Slay:      It affects your accuracy & damage with ranged weapons and melee
   (+4).
   rCorr:     It protects you from acid and corrosion.
 h - the ring "Xevage" (left claw) {rC+ Str+3 Int+4 SInv}
   (You bought it in a shop in the Dungeon)

   [ring of protection from cold]

   Str:       It affects your strength (+3).
   Int:       It affects your intelligence (+4).
   rC:        It protects you from cold.
   SInv:      It lets you see invisible.
 o - a ring of protection from fire
 y - a ring of protection from fire
Wands
 l - a wand of paralysis (3)
 A - a wand of roots (9)
Scrolls
 v - a scroll of blinking
Potions
 d - a potion of might
 f - 3 potions of cancellation
 i - a potion of heal wounds
 j - 2 potions of haste
 m - a potion of flight
 p - 2 potions of mutation
 t - 2 potions of resistance
 x - 9 potions of curing


   Skills:
 + Level 13.1 Fighting
 + Level 12.9 Armour
 - Level 2.4 Dodging
 * Level 21.0 Unarmed Combat
 + Level 14.0 Invocations


You had 11 spell levels left.
You didn't know any spells.
Your spell library was empty.

Dungeon Overview and Level Annotations

Branches:
Dungeon (1/1)

Altars:
Cheibriados
Dithmenos
Elyvilon
Fedhas
Gozag
Hepliaklqana
Kikubaaqudgha
Makhleb
Nemelex Xobeh
Okawaru
Qazlal
Ru
Sif Muna
Trog
Uskayaw
Vehumet
Wu Jian
Xom
Yredelemnul
Zin
The Shining One
Jiyva
Lugonu

Shops:
D [::[([*(***:*=((!(![[

Annotations:
D Tiamat


Innate Abilities, Weirdness & Mutations

You are too large for most types of armour.
You have claws for hands.
Your natural rate of healing is unusually fast.
You are covered in fur. (AC +1)
You have tough skin. (AC +1)
Your muscles are strong. (Str +4, Int/Dex -1)


Message History

Tiamat is severely wounded.
Your troll bites Tiamat!!
Your troll claws Tiamat but does no damage.
Your troll claws Tiamat.
You mangle Tiamat!!
Tiamat is severely wounded.
Tiamat hits you with a +2 vampiric demon trident!
Tiamat draws strength from your wounds! Tiamat tail-slaps you.
* * * LOW HITPOINT WARNING * * *
Tiamat tail-slaps you.
* * * LOW HITPOINT WARNING * * *
Your troll bites Tiamat!
Your troll claws Tiamat but does no damage. x2
You closely miss Tiamat.
Tiamat is severely wounded.
You scratch Tiamat but do no damage.
Tiamat is severely wounded.
Your troll bites Tiamat but does no damage.
Your troll closely misses Tiamat.
Your troll claws Tiamat!
Tiamat hits your troll with a +2 vampiric demon trident!!!
Your troll dies!
Your troll's corpse disappears in a puff of smoke!
You claw Tiamat! Your claw misses Tiamat.
Tiamat is severely wounded.
You closely miss Tiamat.
Tiamat is severely wounded.
Tiamat hits you with a +2 vampiric demon trident!!!
* * * LOW HITPOINT WARNING * * *
Tiamat tail-slaps you.
* * * LOW HITPOINT WARNING * * *
Tiamat tail-slaps you but does no damage.
You are too berserk!
You closely miss Tiamat.
Tiamat is severely wounded.
You scratch Tiamat but do no damage.
Tiamat is severely wounded.
You scratch Tiamat but do no damage.
Tiamat is severely wounded.
Tiamat hits you with a +2 vampiric demon trident!!
You die...

##.########.##'#..#..#.###.#
#
##.......##.##.#.....°...#.#
#
.#........+§####.°...°°..#.#
#
.#''.######§#..'......####'#
.#........#§#####...###....#
##.......#+§#.[.#####)..####
???!!!??~####?....))..###
.......~~##??[....#####
.....~~~###[....@##
..~~~~### #....d##
######'####.....#
#######∩∩######.#
∩∩∩∩∩∩∩∩###≈≈≈≈≈≈≈≈.
######### #####.#### #..0..+
#######


You could see Tiamat.

Vanquished Creatures
  A golden dragon (D)
  4 fire giants (D)
  A shadow dragon (D)
  A daeva (D)
  A lorocyproca (D)
  A hydra (D)
  2 centaur warriors (D)
  Sonja (D)
  A deep troll (D)
  A lindwurm (D)
  An oklob plant (D)
  4 demonic crawlers (D)
  2 kobold demonologists (D)
  A gargoyle (D)
  7 unseen horrors (D)
  A meliai (D)
  A hornet (D)
  A slime creature (D)
  Sigmund (D)
  A yak (D)
  2 redbacks (D)
  13 hogs (D)
  3 floating eyes (D)
  An ogre (D)
  7 necrophages (D)
  8 jellies (D)
  Ijyb (D)
  A ballistomycete spore (D)
70 creatures vanquished.

Vanquished Creatures (collateral kills)
  8 shining eyes (D)
  4 floating eyes (D)
12 creatures vanquished.

Vanquished Creatures (others)
  A ballistomycete spore (D)
1 creature vanquished.

Grand Total: 83 creatures vanquished

Notes
Turn   | Place    | Note
-------+----------+-------------------------------------------
     0 | D        | Heoruswealwe the Troll Berserker began the quest for the
                  | Orb.
     0 | D        | Reached XP level 1. HP: 22/22 MP: 0/0
     1 | D        | Noticed Ijyb
    12 | D        | Killed Ijyb
    13 | D        | Reached skill level 1 in Armour
    13 | D        | Reached skill level 4 in Unarmed Combat
    13 | D        | Reached XP level 2. HP: 23/31 MP: 0/2
    36 | D        | Noticed an ogre
    40 | D        | Killed an ogre
    41 | D        | Reached skill level 6 in Unarmed Combat
    41 | D        | Reached XP level 3. HP: 39/39 MP: 2/4
    41 | D        | Reached XP level 4. HP: 48/48 MP: 2/5
    50 | D        | Noticed Sigmund
    57 | D        | Killed Sigmund
    57 | D        | Reached ** piety under Trog
    58 | D        | Reached skill level 5 in Fighting
    58 | D        | Reached skill level 8 in Unarmed Combat
    58 | D        | Reached XP level 5. HP: 57/57 MP: 3/7
    74 | D        | Found an ornate altar of the Wu Jian Council.
    74 | D        | Found a shimmering blue altar of Sif Muna.
    76 | D        | Found a radiant altar of Vehumet.
    79 | D        | Reached skill level 5 in Invocations
    79 | D        | Reached XP level 6. HP: 66/66 MP: 5/8
   103 | D        | Found Zopti's Armour Emporium.
   103 | D        | Found an ancient bone altar of Kikubaaqudgha.
   103 | D        | Found a hazy altar of Hepliaklqana.
   103 | D        | Found a stormy altar of Qazlal.
   103 | D        | Found a hide-covered altar of Uskayaw.
   103 | D        | Found a blossoming altar of Fedhas.
   103 | D        | Found a bloodstained altar of Trog.
   103 | D        | Found an iron altar of Okawaru.
   103 | D        | Found a basalt altar of Yredelemnul.
   103 | D        | Found a glowing golden altar of the Shining One.
   103 | D        | Found a snail-covered altar of Cheibriados.
   103 | D        | Found a sacrificial altar of Ru.
   103 | D        | Found a glowing silver altar of Zin.
   103 | D        | Found a shadowy altar of Dithmenos.
   103 | D        | Found a white marble altar of Elyvilon.
   103 | D        | Noticed a yak
   113 | D        | Killed a yak
   114 | D        | Reached skill level 5 in Armour
   114 | D        | Reached skill level 9 in Unarmed Combat
   114 | D        | Found an opulent altar of Gozag.
   115 | D        | Found a sparkling altar of Nemelex Xobeh.
   137 | D        | Found a burning altar of Makhleb.
   137 | D        | Found a viscous altar of Jiyva.
   137 | D        | Found a shimmering altar of Xom.
   137 | D        | Found a corrupted altar of Lugonu.
   137 | D        | Noticed a slime creature
   146 | D        | Killed a slime creature
   146 | D        | Reached *** piety under Trog
   147 | D        | Reached skill level 10 in Unarmed Combat
   147 | D        | Reached XP level 7. HP: 76/76 MP: 10/10
   169 | D        | Noticed a centaur warrior
   171 | D        | Noticed a centaur warrior
   186 | D        | Killed a centaur warrior
   187 | D        | Reached skill level 11 in Unarmed Combat
   187 | D        | Reached XP level 8. HP: 87/87 MP: 10/12
   196 | D        | Killed a centaur warrior
   197 | D        | Reached skill level 12 in Unarmed Combat
   252 | D        | Noticed a deep troll
   259 | D        | Killed a deep troll
   260 | D        | Reached skill level 13 in Unarmed Combat
   260 | D        | Reached XP level 9. HP: 72/97 MP: 14/14
   272 | D        | Found Vofets's Armour Emporium.
   279 | D        | Bought a +1 cloak of poison resistance for 175 gold pieces
   350 | D        | Noticed an oklob plant
   354 | D        | Killed an oklob plant
   354 | D        | Reached **** piety under Trog
   355 | D        | Reached skill level 14 in Unarmed Combat
   405 | D        | Reached ***** piety under Trog
   462 | D        | Killed an unseen horror
   469 | D        | Found the +0 pair of fencer's gloves {Riposte Dex+3}
   492 | D        | Killed an unseen horror
   493 | D        | Reached skill level 15 in Unarmed Combat
   493 | D        | Reached XP level 10. HP: 31/107 MP: 16/16
   496 | D        | Reached ****** piety under Trog
   496 | D        | Received a gift from Trog
   596 | D        | Reached skill level 10 in Invocations
   656 | D        | Found Pacixyc's Weapon Boutique.
   656 | D        | Found Qorchucro's Distillery.
   656 | D        | Found Lyaroq's Distillery.
   658 | D        | Found Guapuamp's Distillery.
   658 | D        | Found Akhat's Weapon Shoppe.
   658 | D        | Found Adyus's Weapon Shop.
   658 | D        | Found Gituxab's Jewellery Emporium.
   658 | D        | Found Vaipim's General Store.
   658 | D        | Found Byleugi's Book Shoppe.
   658 | D        | Found Antosis's General Store.
   662 | D        | Found Zeathaw's Assorted Antiques.
   663 | D        | Found Dyusuac's General Store.
   663 | D        | Found Zele's Weapon Shoppe.
   664 | D        | Found Jimunnod's Assorted Antiques.
   666 | D        | Bought the ring "Xevage" {rC+ Str+3 Int+4 SInv} for 509
                  | gold pieces
   671 | D        | Bought a cyan potion for 19 gold pieces
   671 | D        | Bought a scroll labelled YWIMAH BIPTE for 22 gold pieces
   671 | D        | Bought a scroll labelled YWIMAH BIPTE for 22 gold pieces
   671 | D        | Bought a scroll labelled ZIERYPPO VOTISS for 22 gold pieces
   671 | D        | Bought a scroll labelled ZIERYPPO VOTISS for 22 gold pieces
   675 | D        | Bought a scroll labelled DOXZOMO LIADIOSURCH for 25 gold
                  | pieces
   675 | D        | Bought a sedimented silvery potion for 22 gold pieces
   675 | D        | Bought a dented jasper amulet for 125 gold pieces
   675 | D        | Bought a scroll labelled ZIRHUFF FICS for 25 gold pieces
   675 | D        | Bought a black potion for 22 gold pieces
   695 | D        | Noticed Sonja
   700 | D        | Killed Sonja
   750 | D        | Found Xaurulai's Antique Armour Boutique.
   765 | D        | Noticed a shining eye
   765 | D        | Noticed a shining eye
   765 | D        | Noticed a shining eye
   765 | D        | Gained mutation: Your muscles are strong. (Str +4, Int/Dex
                  | -1) [a shining eye]
   771 | D        | Noticed a shining eye
   772 | D        | Killed a shining eye
   773 | D        | Reached skill level 10 in Fighting
   773 | D        | Reached skill level 16 in Unarmed Combat
   774 | D        | Killed a shining eye
   774 | D        | Paralysed by a floating eye for 2 turns
   776 | D        | Killed a shining eye
   776 | D        | Identified the +6 great sword "Etatufue" {flame, rElec
                  | Int-2 Stlth+} (Trog gifted it to you in the Dungeon)
   776 | D        | Received a gift from Trog
   777 | D        | Noticed a shining eye
   779 | D        | Killed a shining eye
   780 | D        | Reached skill level 10 in Armour
   781 | D        | Killed a shining eye
   786 | D        | Noticed a shining eye
   794 | D        | Killed a shining eye
   795 | D        | Reached skill level 17 in Unarmed Combat
   805 | D        | Reached XP level 11. HP: 119/119 MP: 18/18
   806 | D        | Noticed a shining eye
   806 | D        | Noticed a shining eye
   818 | D        | Killed a shining eye
   820 | D        | Killed a shining eye
   845 | D        | Found Begemnen's Book Shoppe.
   845 | D        | Found Pitit's Antique Weapon Shop.
   845 | D        | Found Migh's Book Emporium.
   845 | D        | Found Nuoz's Antique Armour Boutique.
   862 | D        | Bought a runed robe for 122 gold pieces
  1004 | D        | Bought a scroll of identify for 26 gold pieces
  1026 | D        | Bought a potion of degeneration for 11 gold pieces
  1026 | D        | Bought a potion of might for 44 gold pieces
  1026 | D        | Bought a potion of cancellation for 88 gold pieces
  1026 | D        | Bought a potion of lignification for 33 gold pieces
  1026 | D        | Bought a potion of heal wounds for 55 gold pieces
  1026 | D        | Bought a potion of haste for 110 gold pieces
  1026 | D        | Bought a potion of flight for 33 gold pieces
  1026 | D        | Bought 2 potions of haste for 220 gold pieces
  1030 | D        | Bought a potion of resistance for 140 gold pieces
  1030 | D        | Bought a potion of might for 56 gold pieces
  1030 | D        | Bought a potion of attraction for 42 gold pieces
  1076 | D        | Identified the +9 bardiche of Trog's Grace {antimagic,
                  | *Rage rC+ Will++} (Trog gifted it to you in the Dungeon)
  1076 | D        | Received a gift from Trog
  1120 | D        | Reached skill level 18 in Unarmed Combat
  1182 | D        | Identified the +1 robe "Borym" {rPois Str+3}
  1221 | D        | Noticed a lorocyproca
  1232 | D        | Killed a lorocyproca
  1519 | D        | Bought a potion of curing for 42 gold pieces
  1519 | D        | Bought a potion of curing for 42 gold pieces
  1519 | D        | Bought a potion of cancellation for 112 gold pieces
  1519 | D        | Bought a potion of mutation for 112 gold pieces
  1520 | D        | Bought 2 potions of berserk rage for 110 gold pieces
  1520 | D        | Bought a potion of curing for 33 gold pieces
  1520 | D        | Bought a potion of curing for 33 gold pieces
  1520 | D        | Bought 3 potions of resistance for 330 gold pieces
  1520 | D        | Bought a potion of heal wounds for 55 gold pieces
  1524 | D        | Bought a scroll of summoning for 114 gold pieces
  1524 | D        | Bought a scroll of enchant weapon for 90 gold pieces
  1600 | D        | Noticed a lindwurm
  1605 | D        | Killed a lindwurm
  1647 | D        | Identified the +6 long sword of the Many Moons {flame,
                  | +Blink rElec} (Trog gifted it to you in the Dungeon)
  1647 | D        | Received a gift from Trog
  1662 | D        | Received a gift from Trog
  1669 | D        | Reached skill level 19 in Unarmed Combat
  1696 | D        | Noticed a 12-headed hydra
  1699 | D        | Killed a 14-headed hydra
  1815 | D        | Noticed a shadow dragon
  1815 | D        | Noticed a golden dragon
  1826 | D        | Killed a golden dragon
  1827 | D        | Reached XP level 12. HP: 132/132 MP: 20/20
  1832 | D        | Killed a shadow dragon
  1832 | D        | Received a gift from Trog
  1843 | D        | Identified the ring "Icaem" {rCorr Slay+4}
  1920 | D        | Found Tais's Antique Armour Shoppe.
  1940 | D        | Bought a runed robe for 81 gold pieces
  2005 | D        | Noticed a daeva
  2014 | D        | Reached skill level 20 in Unarmed Combat
  2024 | D        | Received a gift from Trog
  2052 | D        | Found the +5 scythe "Finisher" {speed, execute}
  2064 | D        | Killed a daeva
  2195 | D        | Bought a ring of protection from fire for 250 gold pieces
  2195 | D        | Bought a ring of protection from fire for 250 gold pieces
  2196 | D        | Bought 2 potions of ambrosia for 192 gold pieces
  2196 | D        | Bought a potion of haste for 120 gold pieces
  2198 | D        | Bought a potion of curing for 39 gold pieces
  2199 | D        | Bought a potion of curing for 66 gold pieces
  2200 | D        | Bought a potion of mutation for 104 gold pieces
  2200 | D        | Bought a potion of curing for 39 gold pieces
  2304 | D        | Noticed a fire giant
  2307 | D        | Noticed a fire giant
  2308 | D        | Noticed a fire giant
  2311 | D        | Noticed a fire giant
  2316 | D        | Killed a fire giant
  2321 | D        | Killed a fire giant
  2327 | D        | Killed a fire giant
  2327 | D        | Received a gift from Trog
  2332 | D        | Killed a fire giant
  2333 | D        | Reached skill level 21 in Unarmed Combat
  2416 | D        | Found the +4 dragonskin cloak
  2416 | D        | Noticed Tiamat
  2467 | D        | HP: 9/204 [Tiamat/+2 vampiric demon trident (4)]
  2470 | D        | Annihilated by Tiamat

Illustrated notes

Levels and vault maps discovered:
D:        dungeon_sprint_1 [red_sonja_temple_1, red_sonja_temple_small_1]

Skill      XL: |  1  2  3  4  5  6  7  8  9 10 11 12 |
---------------+-------------------------------------+-----
Fighting       | 3 4 5 6 7 8 9 10 12 13 | 13.1
Armour         | 1 3 4 5 6 7 9 10 12 | 12.9
Unarmed Combat | 4 6 8 10 11 13 15 17 19 21 | 21.0
Invocations    | 2 3 4 5 6 7 8 9 11 13 14 | 14.0
Dodging        | |  2.4

Action                     |  1- 3 |  4- 6 |  7- 9 | 10-12 || total
---------------------------+-------+-------+-------+-------++-------
  Melee: Unarmed           |    13 |    22 |    62 |   158 ||   255
         Punch             |       |     4 |     5 |    16 ||    25
  Throw: Stone             |       |       |     1 |       ||     1
 Invoke: Berserk           |       |       |     2 |     5 ||     7
         Brothers in Arms  |       |       |       |     4 ||     4
  Evoke: Wand              |     1 |       |       |     4 ||     5
    Use: Potion            |       |       |     1 |    13 ||    14
         Scroll            |       |       |       |     9 ||     9
 Armour: Animal skin       |     1 |     2 |    23 |     9 ||    35
         Robe              |       |       |       |    25 ||    25
         Shadow dragon sca |       |       |       |    25 ||    25
  Dodge: Dodged            |     4 |     7 |    17 |    52 ||    80
